AoeStats
← neethgiE

Oasis

509223978Analyzed
4v4 RM · 8d ago on Sep 26, 2026· 35m 8s· 8 players
Game mode
Random Map
Map size
Large (8 player)
Population
200
Speed
Normal
Resources
Standard
Victory
Conquest
Starting age
Dark Age
Ending age
Imperial Age
RankedLock teamsTeams togetherTeam positionsShared explorationLock speedFull tech treeHidden civsTurbo modeCheats
Victory
Defeat
899
+14
🇨🇳 Teutons · China
890
+15
🇬🇧 Varangians · United Kingdom
876
+15
🇨🇳 Byzantines · China
848
+16
🇵🇪 Saracens · Peru
905
-17
🇺🇸 Persians · United States
849
-15
🇺🇾 Cumans · Uruguay
843
-14
🇨🇦 Spanish · Canada
834
-14
niminaroc
9:23 Feudal Age
PatBateman7156
9:13 Loom
11:41 Feudal Age
17:57 Castle Age
18:51 Double-Bit Axe
22:33 Town Watch
22:40 Town Watch
27:07 Horse Collar
30:55 Wheelbarrow
34:03 Town Patrol
35:00 Bow Saw
又菜又爱玩
Jota
0:27 Loom
11:35 Feudal Age
16:21 Horse Collar
16:34 Stone Mining
16:38 Gold Mining
17:13 Double-Bit Axe
20:19 Castle Age
21:18 Fletching
21:29 Padded Archer Armor
21:23 Crossbowman
23:40 Gold Shaft Mining
26:52 Thumb Ring
28:53 Leather Archer Armor
29:27 Bodkin Arrow
29:47 Light Cavalry
30:39 Bloodlines
neethgiE
9:23 Loom
11:09 Feudal Age
17:28 Castle Age
15:34 Double-Bit Axe
17:13 Bloodlines
19:14 Husbandry
24:23 Gold Mining
26:31 Bow Saw
31:36 Horse Collar
35:01 Imperial Age
33:18 Heavy Plow
33:53 Caravan
34:38 Vendel Legacy
Potatoes are my favourite fruit
0:26 Loom
10:38 Feudal Age
15:00 Castle Age
13:39 Double-Bit Axe
14:01 Horse Collar
16:39 Bow Saw
18:26 Wheelbarrow
18:17 Heavy Plow
23:17 Stone Mining
25:02 Gold Mining
27:04 Hand Cart
28:06 Scale Mail Armor
28:16 Forging
27:57 Fletching
29:13 Stone Shaft Mining
29:16 Gold Shaft Mining
30:23 Squires
32:55 Imperial Age
31:30 Caravan
32:22 Bodkin Arrow
32:43 Chain Mail Armor
33:03 Iron Casting
杰哥真棒
11:49 Feudal Age
13:47 Double-Bit Axe
16:30 Castle Age
16:21 Wheelbarrow
17:38 Bow Saw
24:12 Bow Saw
26:47 Fletching
27:53 Bodkin Arrow
27:59 Padded Archer Armor
32:12 Imperial Age
31:55 Hand Cart
31:52 Gold Mining
31:52 Stone Mining
33:27 Logistica
33:47 Elite Skirmisher
34:32 Thumb Ring
34:37 Horse Collar
35:18 Bracer
35:33 Leather Archer Armor
小熊熊
11:22 Feudal Age
11:59 Feudal Age
15:53 Castle Age
14:25 Double-Bit Axe
19:26 Forging
19:18 Scale Mail Armor
21:05 Squires
24:32 Loom
25:22 Wheelbarrow
24:33 Town Watch
26:40 Chain Mail Armor
35:08 Scale Barding Armor
35:39 Iron Casting
35:58 Hand Cart
35:29 Town Watch
Connection lost

Rejoining the realm…

Still unreachable

The connection could not be restored.

Session expired

The server has moved on; the page needs a fresh start.